 Dungeon Crawl Stone Soup version 0.29-a0-275-g389c0b56f3 (webtiles) character file.

Game seed: 178290750224790149

2988 mathmaestro the Ruffian (level 9, -3/80 (97) HPs)
             Began as a Troll Monk on Mar 11, 2022.
             Slain by a phantom (5 damage)
             ... summoned by an orange crystal statue
             ... on level 7 of the Dungeon.
             The game lasted 00:13:09 (6540 turns).

mathmaestro the Ruffian (Troll Monk)                Turns: 6540, Time: 00:13:10

HP:   -3/80 (97)    AC:  9    Str: 25    XL:     9   Next: 53%
MP:   0/8           EV: 10    Int:  6    God:
Gold: 327           SH:  0    Dex: 12    Spells: 8/8 levels left

rFire   . . .      SeeInvis .     - Unarmed
rCold   . . .      Faith    .   (no shield)
rNeg    . . .      Spirit   .   v - +0 acid dragon scales
rPois   .          Reflect  .   (helmet restricted)
rElec   .          Harm     .   a - +0 cloak
rCorr   +          Rampage  .   (gloves unavailable)
Will    .....                   (boots unavailable)
Stlth   +.........              (no amulet)
HPRegen 1.03/turn               (no ring)
MPRegen 0.11/turn               (no ring)

@: lethally poisoned (-3 -> -7), flying, studying Armour, heavily drained,
unable to read
A: large, unfitting armour, claws 3, regeneration 1, shaggy fur 1, tough skin 1,
talons 1, robust 1, no potion heal 1, inability to read while threatened
a: no special abilities


You were on level 7 of the Dungeon.
You visited 2 branches of the dungeon, and saw 8 of its levels.
You also visited: Sewer.

You collected 327 gold pieces.

Inventory:

Hand Weapons
 y - a +1 hand axe
Missiles
 c - 259 stones
 i - 5 boomerangs (quivered)
 j - 5 poisoned darts
Armour
 a - a +0 cloak (worn)
 s - the +10 tower shield of Ignorance {rN+ Int-4}
   (You found it on level 7 of the Dungeon)

   Int:       It affects your intelligence (-4).
   rN:        It protects you from negative energy.
 v - +0 acid dragon scales (worn)
Wands
 k - a wand of flame (7)
 n - a wand of iceblast (7)
 r - a wand of paralysis (10)
Scrolls
 d - 3 scrolls of summoning
 m - 5 scrolls of teleportation
 o - a scroll of fear
 w - 3 scrolls of enchant weapon
Potions
 b - 4 potions of ambrosia
 e - 2 potions of might
 f - a potion of flight
 g - a potion of invisibility {unknown}
 h - a potion of berserk rage {unknown}
 l - a potion of resistance {unknown}
 q - a potion of mutation
 u - a potion of cancellation {unknown}
 z - a potion of brilliance {unknown}


   Skills:
 + Level 6.1 Fighting
 + Level 5.4 Throwing
 - Level 3.0 Armour
 - Level 3.0 Dodging
 - Level 1.0 Stealth
 + Level 7.2 Unarmed Combat
 + Level 4.4 Evocations


You had 8 spell levels left.
You didn't know any spells.
Your spell library contained the following spells:

 Spells                   Type           Power      Damage    Failure   Level
 Ignite Poison            Fire/Tmut/Pois 0%         N/A       88%         3
 Mephitic Cloud           Conj/Pois/Air  0%         N/A       88%         3
 Animate Armour           Summ/Erth      0%         N/A       99%         4
 Blade Hands              Tmut           0%         N/A       100%        5
 Freezing Cloud           Conj/Ice/Air   0%         6-21      100%        5
 Iron Shot                Conj/Erth      0%         9d1       100%        6


Dungeon Overview and Level Annotations

Branches:
Dungeon (7/15)             Temple (1/1) D:6           Sewer (visited)

Altars:
Ashenzari
Cheibriados
Dithmenos
Elyvilon
Fedhas
Gozag
Hepliaklqana
Kikubaaqudgha
Makhleb
Nemelex Xobeh
Okawaru
Qazlal
Ru
Sif Muna
Trog
Uskayaw
Vehumet
Wu Jian
Xom
Yredelemnul
Zin
The Shining One

Shops:
D:5 *   D:7 =

Annotations:
D:6 1 runed translucent door, enile's ghost, novice FoFi
D:7 1 runed translucent door, exclusion: 4 orange crystal statues


Innate Abilities, Weirdness & Mutations

You are too large for most types of armour.
You have claws for hands.
Your natural rate of healing is unusually fast.
You are covered in fur. (AC +1)
You have tough skin. (AC +1)
You have sharp toenails.
You are robust. (+10% HP)
Potions are less effective at restoring your health.
You sometimes lose the ability to read scrolls when taking damage.


Message History

The ufetubus hits you.
* * * LOW HITPOINT WARNING * * *
The orange crystal statue glitters.
You are more confused.
The orange crystal statue fixes its piercing gaze on you.
Something tries to feed on your intellect!
* * * LOW HITPOINT WARNING * * *
You feel very sick. The ufetubus barely misses you.
The ufetubus hits you but does no damage.
The orange crystal statue glitters.
You are more confused.
The orange crystal statue glitters topaz in the dim dungeon light.
The orange crystal statue glitters.
The ufetubus hits you but does no damage.
The ufetubus barely misses you.
Your system partially rejects the healing.
You feel better.
The wight hits you with a +2 long sword of venom.
* * * LOW HITPOINT WARNING * * *
You are poisoned.
The wight closely misses you. The ufetubus closely misses you.
The ufetubus hits you but does no damage.
The phantom hits you.
* * * LOW HITPOINT WARNING * * *
Unknown command.
Unknown command.
The wight attacks as you move away! The wight barely misses you.
* * * LOW HITPOINT WARNING * * *
You feel very sick. The wight closely misses you.
The orange crystal statue fixes its piercing gaze on you.
You feel your power leaking away.
The orange crystal statue fixes its piercing gaze on you.
You feel your power leaking away. The ufetubus hits you.
* * * LOW HITPOINT WARNING * * *
The ufetubus hits you but does no damage.
The phantom hits you.
You die...

#......# # #......#
#######
#.....>#########......
#..............#.....)
#...#########.........
#...#8.....8#.##......
##..#.#...#.#.##....".
#..#Wzz....#.........
#..'@5z....+..#######
#..#.zo....#..# #..
#..#.#...#.#..# #.#
#..#8.....8#..# #.#
#..#########.## #)#
#............# #.#
#....######### #.#
###### #.. ##.


You could see 4 orange crystal statues, a phantom (summoned), 4 wights, an orc
(summoned) and an ufetubus (summoned).

Vanquished Creatures
  Maggie (D:6)
  Prince Ribbit (D:6)
  A steam dragon (D:7)
  Menkaure (D:5)
  Pargi (Sewer)
  An orc warrior (D:7)
  2 ice beasts
  3 sky beasts
  2 black bears
  2 centaurs
  3 ogres
  A phantom (D:5)
  A bullfrog (D:7)
  3 scorpions
  A howler monkey (D:7)
  A hound (D:6)
  Crazy Yiuf (D:6)
  A jelly (D:4)
  2 orc priests (D:7)
  A gnoll shaman (D:6)
  An iguana (D:5)
  6 orc wizards
  8 gnolls
  9 adders
  A river rat (D:4)
  2 shadow imps
  4 worms
  2 dart slugs
  17 orcs
  5 ball pythons
  6 endoplasms
  6 giant cockroaches
  6 goblins
  11 hobgoblins
  4 jackals (D:1)
  9 kobolds
  3 quokkas
  2 bats
  3 frilled lizards
  8 rats
143 creatures vanquished.

Vanquished Creatures (collateral kills)
  An adder (D:4)
1 creature vanquished.

Grand Total: 144 creatures vanquished

Notes
Turn   | Place    | Note
-------+----------+-------------------------------------------
     0 | D:1      | mathmaestro the Troll Monk began the quest for the Orb.
     0 | D:1      | Reached XP level 1. HP: 22/22 MP: 0/0
   227 | D:1      | Reached XP level 2. HP: 29/29 MP: 1/1
   351 | D:1      | Reached XP level 3. HP: 35/36 MP: 2/2
   560 | D:1      | Found a faded altar of an unknown god.
   811 | D:2      | Reached XP level 4. HP: 45/45 MP: 3/3
  1356 | D:3      | Noticed a black bear
  1365 | D:3      | Killed a black bear
  1366 | D:3      | Reached skill level 1 in Throwing
  1366 | D:3      | Reached skill level 1 in Armour
  1366 | D:3      | Reached skill level 4 in Unarmed Combat
  1366 | D:3      | Reached XP level 5. HP: 40/53 MP: 4/4
  1987 | D:4      | Reached skill level 1 in Evocations
  1987 | D:4      | Reached XP level 6. HP: 52/61 MP: 5/5
  2076 | D:4      | Found a glowing drain.
  2086 | Sewer    | Entered a sewer
  2122 | Sewer    | Noticed Pargi
  2128 | Sewer    | Killed Pargi
  2650 | D:4      | Found a broken altar of Ashenzari.
  3094 | D:5      | Entered Level 5 of the Dungeon
  3095 | D:5      | Identified a scroll of acquirement
  3095 | D:5      | Acquired a manual of Armour
  3198 | D:5      | Noticed Menkaure
  3204 | D:5      | Killed Menkaure
  3205 | D:5      | Reached XP level 7. HP: 70/70 MP: 6/6
  3329 | D:5      | Reached skill level 5 in Unarmed Combat
  4124 | D:5      | Found Alumm's Elemental Accessories.
  4193 | D:5      | Reached XP level 8. HP: 54/79 MP: 7/7
  4559 | D:6      | Found a runed translucent door.
  4559 | D:6      | Noticed a troll
  4559 | D:6      | Noticed enile's ghost (novice FoFi)
  4647 | D:6      | Reached skill level 5 in Fighting
  4655 | D:6      | Reached skill level 6 in Unarmed Combat
  4814 | D:6      | Found a runed translucent door.
  4815 | D:6      | Noticed Crazy Yiuf
  4877 | D:6      | Noticed Prince Ribbit
  4878 | D:6      | Found a staircase to the Ecumenical Temple.
  4887 | D:6      | Killed Prince Ribbit
  4939 | Temple   | Entered the Ecumenical Temple
  5537 | D:6      | Noticed Maggie
  5553 | D:6      | Killed Maggie
  5554 | D:6      | Reached XP level 9. HP: 21/88 MP: 8/8
  5711 | D:6      | Killed Crazy Yiuf
  5826 | D:7      | Reached skill level 5 in Throwing
  6018 | D:7      | Reached skill level 7 in Unarmed Combat
  6040 | D:7      | Found Gesan's Jewellery Emporium.
  6492 | D:7      | Found the +10 tower shield of Ignorance {rN+ Int-4}
  6498 | D:7      | Found a runed translucent door.
  6517 | D:7      | Found a runed translucent door.
  6524 | D:7      | Noticed an orange crystal statue
  6524 | D:7      | Noticed an orange crystal statue
  6524 | D:7      | Noticed an orange crystal statue
  6524 | D:7      | Noticed an orange crystal statue
  6532 | D:7      | Gained mutation: You are robust. (+10% HP) [potion of
                  | mutation]
  6532 | D:7      | Gained mutation: Potions are less effective at restoring
                  | your health. [potion of mutation]
  6532 | D:7      | Gained mutation: You sometimes lose the ability to read
                  | scrolls when taking damage. [potion of mutation]
  6532 | D:7      | Gained mutation: You have sharp toenails. [potion of
                  | mutation]
  6540 | D:7      | HP: 2/80 [ufetubus[an orange crystal statue] (3)]
  6540 | D:7      | Slain by a phantom

Illustrated notes

Levels and vault maps discovered:
D:1:      heliophobic_arrival_henge, layout_rooms,
          dilly_ecumenical_altar_fadedgnrine, dk_noncrumbling_4
D:2:      layout_loops_cross, chequers_serial_rivers_small_a
D:3:      layout_loops_ring
D:4:      layout_basic, mainiacjoe_overflow_alcove_2, portal_sewer_entry_e
D:5:      layout_layer_cave, nicolae_elemental_shop, uniq_menkaure
D:6:      layout_basic, minmay_temple_entry_overgrown,
          ebering_ghost_inner_flame, uniq_prince_ribbit1, uniq_maggie,
          uniq_crazy_yiuf_cottage
D:7:      layout_basic, serial_shops, shop, chequers_guarded_unrand_ignorance
Temple:   mainiacjoe_temple_circle_huts

Skill      XL: |  1  2  3  4  5  6  7  8  9 |
---------------+----------------------------+-----
Fighting       | 3 4 5 6 |  6.1
Dodging        | 3 |  3.0
Throwing       | 1 2 3 4 5 |  5.4
Armour         | 1 2 3 |  3.0
Unarmed Combat | 4 5 6 7 |  7.2
Evocations     | 1 2 3 4 |  4.4
Stealth        | |  1.0

Action                   |  1- 3 |  4- 6 |  7- 9 || total
-------------------------+-------+-------+-------++-------
Melee: Unarmed           |    83 |   121 |   276 ||   480
       Punch             |     2 |     3 |     7 ||    12
Throw: Dart              |       |       |     6 ||     6
       Boomerang         |       |       |     1 ||     1
Evoke: Wand              |       |     1 |       ||     1
  Use: Scroll            |       |    10 |     5 ||    15
       Potion            |       |       |     7 ||     7
 Stab: Sleeping          |       |     4 |     2 ||     6
       Distracted        |       |     1 |       ||     1
Armor: Robe              |    21 |    42 |    40 ||   103
       Acid dragon scale |       |       |    59 ||    59
Dodge: Dodged            |    32 |    70 |   144 ||   246

Table legend: (Time is in decaauts)
 A = Elapsed time spent in this place.
 B = Non-inter-level travel time spent in this place.
 C = Inter-level travel time spent in this place.
 D = Time resting spent in this place.
 E = Time spent auto-exploring this place.
 F = Levels seen in this place.
 G = Mean time per level.
                   A        B        C        D        E       F      G
               +--------+--------+--------+--------+--------+-----+--------+
         Total |   6499 |   6281 |    218 |    397 |   4547 |   9 |  722.1 |
       Dungeon |   6028 |   5825 |    203 |    397 |   4163 |   7 |  861.1 |
        Temple |    312 |    297 |     15 |      0 |    275 |   1 |  312.0 |
         Sewer |    158 |    158 |      0 |      0 |    109 |   1 |  158.0 |
               +--------+--------+--------+--------+--------+-----+--------+

Top non-repeatable levels by time:
     D:5: 1298 daAuts
     D:6: 1065 daAuts
     D:4: 1045 daAuts
     D:7: 734 daAuts
     D:2: 662 daAuts
     D:3: 641 daAuts
     D:1: 579 daAuts
  Temple: 312 daAuts
   Sewer: 158 daAuts
